 Dungeon Crawl Stone Soup version 0.29-a0-1019-g84f7d21838 (webtiles) character file.

Game seed: 8773420850104659217

332 Manisian the Digger (level 6, -1/35 HPs)
             Began as a Gargoyle Earth Elementalist on Aug 10, 2022.
             Was an Initiate of Vehumet.
             Slain by Duvessa
             ... wielding a +3 short sword of electrocution
              (16 damage)
             ... on level 4 of the Dungeon.
             The game lasted 00:13:06 (3680 turns).

Manisian the Digger (Gargoyle Earth Elementalist)   Turns: 3680, Time: 00:13:08

Health: -1/35      AC:  8    Str: 12    XL:     6   Next: 52%
Magic:  9/11       EV: 12    Int: 17    God:    Vehumet [......]
Gold:   343        SH:  0    Dex: 10    Spells: 1/12 levels left

rFire   . . .      SeeInvis .   p - +6 whip (flame)
rCold   . . .      Faith    .   (no shield)
rNeg    + . .      Spirit   .   a - +2 robe
rPois   ∞          Reflect  .   (no helmet)
rElec   +          Harm     .   (no cloak)
rCorr   .          Rampage  .   (no gloves)
Will    .....                   (no boots)
Stlth   +.........              (no amulet)
HPRegen 0.11/turn               i - ring of flight
MPRegen 0.12/turn               (no ring)

@: lit by a corona, flying, glowing
A: sickness immunity, AC +4, negative energy resistance 1, electricity
resistance, torment resistance 1, petrification resistance
a: Renounce Religion


You were on level 4 of the Dungeon.
You worshipped Vehumet.
Vehumet was noncommittal.
You visited 2 branches of the dungeon, and saw 5 of its levels.

You collected 343 gold pieces.

Inventory:

Hand Weapons
 f - a +2 short sword of electrocution
 p - a +6 whip of flaming (weapon)
Armour
 a - a +2 robe (worn)
 e - the +0 leather armour of Kihem {rElec}
   (You found it on level 2 of the Dungeon)

   rElec:     It insulates you from electricity.
Jewellery
 i - a ring of flight (left hand)
 n - an amulet of guardian spirit
Wands
 j - a wand of acid (4)
Scrolls
 k - a scroll of enchant armour
 m - 2 scrolls of identify
Potions
 b - a potion of magic
 c - 3 potions of curing
 d - a potion of brilliance
 g - a potion of resistance
 h - 2 potions of heal wounds
 l - a potion of mutation {unknown}
 q - a potion of haste {unknown}
 r - a potion of attraction {unknown}


   Skills:
 + Level 1.9 Fighting
 + Level 1.3 Maces & Flails
 + Level 2.2 Dodging
 - Level 2.4 Stealth
 + Level 3.5 Spellcasting
 - Level 2.0 Conjurations
 - Level 1.3 Transmutations
 + Level 5.4 Earth Magic


You had one spell level left.
You knew the following spells:

 Your Spells              Type           Power      Damage    Failure   Level
a - Sandblast             Erth           42%        2d11      1%          1
b - Slow                  Hex            8%         N/A       17%         1
c - Passwall              Tmut/Erth      11%        N/A       6%          2
d - Stone Arrow           Conj/Erth      30%        3d8       11%         3
e - Petrify               Tmut/Erth      14%        N/A       38%         4

Your spell library contained the following spells:

 Spells                   Type           Power      Damage    Failure   Level
 Confusing Touch          Hex            2%         N/A       45%         3
 Vampiric Draining        Necr           2%         2d6       45%         3
 Olgreb's Toxic Radiance  Pois           2%         N/A       86%         4
 Ozocubu's Refrigeration  Ice            1%         4d7       100%        7
 Borgnjor's Revivificati  Necr           1%         N/A       100%        8
 Ignition                 Fire           1%         3d3       100%        8
 Necromutation            Tmut/Necr      2%         N/A       100%        8
 Death's Door             Necr           1%         N/A       100%        9


Dungeon Overview and Level Annotations

Branches:
Dungeon (4/15)             Temple (1/1) D:4

Altars:
Ashenzari
Cheibriados
Dithmenos
Fedhas
Kikubaaqudgha
Makhleb
Okawaru
Qazlal
Sif Muna
Trog
Uskayaw
Vehumet
Wu Jian
Xom
Yredelemnul
Zin

Annotations:
D:4 Duvessa
Temple 2 transporters


Innate Abilities, Weirdness & Mutations

You are immune to sickness and miasma.
Your stone body is resilient. (AC +4)
You are immune to poison.
You resist negative energy. (rN+)
You are resistant to electric shocks. (rElec)
You are resistant to unholy torment.
You are immune to petrification.


Message History

Dowan is lightly wounded.
Dowan gestures at something while chanting.
You whack Dowan! You burn Dowan.
Dowan is severely wounded.
Dowan smirks and points a slender finger.
Dowan hits you with a +0 whip.
Duvessa, Sister of Dowan comes into view.
She is wielding a +3 short sword of electrocution.
You closely miss Dowan.
Dowan is severely wounded.
Duvessa shouts!
Dowan hits you but does no damage.
You closely miss Dowan.
Dowan is severely wounded.
Dowan hits you with a +0 whip.
You closely miss Dowan.
Dowan is severely wounded.
Dowan barely misses you.
You completely miss Dowan.
Dowan is severely wounded.
Dowan gestures at you while chanting. The puff of frost misses you.
Aiming: Corrosive Bolt
Press: ? - help, Q - select action, (/) - cycle Shift-Dir - straight line, f - Duvessa, p - Dowan
Aim: Duvessa, wielding a +3 short sword of electrocution and wearing a +0 leather armour (fast, 75% to hit)
The bolt of acid hits Dowan!
The acid corrodes Dowan!
You kill Dowan!
Vehumet accepts your kill.
Duvessa screams, "No!
How DARE you!"
Duvessa goes berserk!
The bolt of acid hits Duvessa!
Duvessa is lightly wounded.
Duvessa rages.
The orc wizard stomps in frustration.
Duvessa hits you with a +3 short sword of electrocution.
Aiming: Corrosive Bolt
Press: ? - help, Q - select action, (/) - cycle Shift-Dir - straight line, p - Duvessa The bolt of acid misses Duvessa.
The bolt of acid hits the orc wizard!
The acid corrodes the orc wizard!
The orc wizard is severely wounded.
Duvessa hits you with a +3 short sword of electrocution!
You die...

### .# ##.## #..#
##...###...## ##..#........#
###.).........##
#.#............#
##....o)........#
#..###e#...#....'#
##..##@#..........
#..##.#...........# ..
##..##.............##.#
#.....................#
#......#..............#
##.#...#.......#.....##
##.....................
##.......#..##..#.#.....
#####.....##........##......


You could see Duvessa (berserk, fast) and an orc wizard (mute, corroded).

Vanquished Creatures
  A scorpion (D:4)
  Dowan (D:4)
  A howler monkey (D:4)
  A hound (D:4)
  6 adders
  3 worms
  4 dart slugs
  4 orcs
  2 endoplasms (D:1)
  4 giant cockroaches
  9 goblins
  8 hobgoblins
  6 jackals
  5 quokkas
  9 ball pythons
  6 bats
  4 frilled lizards
  7 kobolds
  2 rats (D:3)
83 creatures vanquished.

Notes
Turn   | Place    | Note
-------+----------+-------------------------------------------
     0 | D:1      | Manisian the Gargoyle Earth Elementalist began the quest
                  | for the Orb.
     0 | D:1      | Reached XP level 1. HP: 10/10 MP: 3/3
   175 | D:1      | Found a faded altar of an unknown god.
   208 | D:1      | Reached skill level 4 in Earth Magic
   212 | D:1      | Reached XP level 2. HP: 15/15 MP: 1/5
   642 | D:2      | Identified the +0 leather armour of Kihem {rElec}
   723 | D:2      | Reached skill level 1 in Fighting
   723 | D:2      | Reached XP level 3. HP: 12/20 MP: 4/6
   726 | D:2      | Learned a level 2 spell: Passwall
   730 | D:2      | Learned a level 3 spell: Stone Arrow
  1579 | D:2      | Reached XP level 4. HP: 25/25 MP: 5/7
  2051 | D:3      | Reached skill level 1 in Conjurations
  2051 | D:3      | Reached skill level 1 in Transmutations
  2365 | D:3      | Reached XP level 5. HP: 29/29 MP: 6/8
  2510 | D:3      | You are sucked into a shaft and drop 1 floor!
  2533 | D:4      | Reached skill level 1 in Maces & Flails
  2533 | D:4      | Reached skill level 5 in Earth Magic
  2536 | D:4      | Reached XP level 6. HP: 14/35 MP: 0/10
  2990 | D:3      | Found a faded altar of an unknown god.
  3059 | D:3      | Found a burning altar of Makhleb.
  3193 | D:4      | Learned a level 1 spell: Slow
  3302 | D:4      | Found a staircase to the Ecumenical Temple.
  3345 | D:4      | Found a shadowy altar of Dithmenos.
  3418 | D:4      | Found an ancient bone altar of Kikubaaqudgha.
  3527 | Temple   | Entered the Ecumenical Temple
  3527 | Temple   | Found a transporter.
  3527 | Temple   | Found a transporter.
  3529 | Temple   | Found a transporter.
  3529 | Temple   | Found a transporter.
  3559 | Temple   | Became a worshipper of Vehumet
  3565 | Temple   | Learned a level 4 spell: Petrify
  3597 | D:4      | Found a broken altar of Ashenzari.
  3637 | D:4      | Noticed Dowan
  3673 | D:4      | Noticed Duvessa
  3678 | D:4      | Killed Dowan
  3680 | D:4      | Slain by Duvessa

Illustrated notes

Levels and vault maps discovered:
D:1:      evilmike_arrival_hilbert_curve, layout_rooms,
          hellmonk_ecumenical_altar_lost_god, minmay_unequal
D:2:      layout_basic
D:3:      minmay_bubble_buster, layout_rooms, nicolae_overflow_ecumenical_swirl,
          amcnicky_altar_gilded
D:4:      layout_cave_pools, nicolae_overflow_crystal_walls,
          nicolae_ru_great_annihilating_truth, nicolae_tso_carved_into_rock,
          nicolae_overflow_hidden_temple, temple_green, uniq_duvessa
Temple:   hellmonk_temple_divided_pantheon

Skill      XL: |  1  2  3  4  5 |
---------------+----------------+-----
Earth Magic    | 4 5 |  5.4
Fighting       | 1 |  1.9
Conjurations   | 1 2 |  2.0
Transmutations | 1 |  1.3
Dodging        | 2 |  2.2
Maces & Flails | 1 |  1.3
Spellcasting   | 3 |  3.5
Stealth        | |  2.4

Action                   |  1- 3 |  4- 6 || total
-------------------------+-------+-------++-------
Melee: Short sword       |    29 |     2 ||    31
       Whip              |       |    52 ||    52
       Punch             |       |     1 ||     1
 Cast: Sandblast         |    41 |    52 ||    93
       Stone Arrow       |       |     4 ||     4
Evoke: Wand              |       |     4 ||     4
  Use: Scroll            |     5 |     9 ||    14
 Stab: Sleeping          |     1 |     1 ||     2
Armor: Robe              |    10 |    43 ||    53
Dodge: Dodged            |    18 |    63 ||    81

Table legend: (Time is in decaauts)
 A = Elapsed time spent in this place.
 B = Non-inter-level travel time spent in this place.
 C = Inter-level travel time spent in this place.
 D = Time resting spent in this place.
 E = Time spent auto-exploring this place.
 F = Levels seen in this place.
 G = Mean time per level.
                   A        B        C        D        E       F      G
               +--------+--------+--------+--------+--------+-----+--------+
         Total |   3780 |   3472 |    308 |    409 |   2231 |   5 |  756.0 |
       Dungeon |   3722 |   3454 |    268 |    409 |   2231 |   4 |  930.5 |
        Temple |     57 |     17 |     40 |      0 |      0 |   1 |   57.0 |
               +--------+--------+--------+--------+--------+-----+--------+

Top non-repeatable levels by time:
     D:2: 1428 daAuts
     D:3: 1132 daAuts
     D:1: 643 daAuts
     D:4: 518 daAuts
  Temple: 57 daAuts
